AoeStats
← MrKadlatko

Arabia

509578538Analyzed
1v1 RM · 4d ago on Sep 27, 2026· 50m 57s· 2 players
Game mode
Random Map
Map size
Tiny (2 player)
Population
200
Speed
Normal
Resources
Standard
Victory
Conquest
Starting age
Dark Age
Ending age
Imperial Age
RankedLock teamsTeams togetherTeam positionsShared explorationLock speedFull tech treeHidden civsTurbo modeCheats
Victory
Defeat
🇫🇷 Khmer · France
845
+17
🇨🇿 Armenians · Czechia
856
-17
Itz H ² o
12:11 Feudal Age
16:16 Castle Age
17:21 Double-Bit Axe
18:49 Stone Mining
19:51 Loom
24:44 Crossbowman
28:56 Coinage
28:38 Forging
28:34 Scale Barding Armor
28:49 Town Watch
32:39 Wheelbarrow
34:36 Imperial Age
32:48 Wheelbarrow
32:21 Horse Collar
33:04 Bow Saw
33:55 Chain Barding Armor
33:54 Heavy Plow
34:35 Iron Casting
35:50 Husbandry
36:01 Bloodlines
35:16 Arbalester
35:58 Fletching
36:58 Gold Mining
39:31 Blast Furnace
39:28 Elite Battle Elephant
42:56 Plate Barding Armor
MrKadlatko
7:45 Loom
12:07 Feudal Age
12:15 Man-at-Arms
13:15 Horse Collar
13:52 Double-Bit Axe
21:56 Castle Age
20:32 Wheelbarrow
19:58 Stone Mining
22:33 Forging
22:23 Scale Mail Armor
22:17 Fletching
22:27 Padded Archer Armor
22:52 Bow Saw
22:51 Elite Skirmisher
24:29 Gold Mining
24:42 Heavy Plow
26:12 Bodkin Arrow
26:29 Pikeman
31:46 Hand Cart
31:08 Long Swordsman
33:00 Ballistics
33:03 Leather Archer Armor
35:36 Two-Handed Swordsman
36:20 Squires
36:43 Arson
39:56 Imperial Age
38:12 Halberdier
42:52 Crossbowman
44:10 Arbalester
50:50 Iron Casting
50:30 Chain Mail Armor
Connection lost

Rejoining the realm…

Still unreachable

The connection could not be restored.

Session expired

The server has moved on; the page needs a fresh start.